 Dungeon Crawl Stone Soup version 0.26-a0-27-g1f0226971c (webtiles) character file.

Game seed: 8384021882908079982, levelgen mode: deterministic

43 Dirian the Shield-Bearer (level 3, -7/33 HPs)
             Began as a Minotaur Fighter on May 27, 2020.
             Shot with an arrow by a centaur (14 damage)
             ... on level 2 of the Dungeon.
             The game lasted 00:00:54 (810 turns).

Dirian the Shield-Bearer (Minotaur Fighter)          Turns: 810, Time: 00:00:55

Health: -7/33      AC:  7    Str: 21    XL:     3   Next: 37%
Magic:  2/2        EV:  7    Int:  5    God:
Gold:   40         SH:  9    Dex:  9    Spells: 2/2 levels left

rFire    . . .     SeeInvis .   a - +0 war axe
rCold    . . .     Gourm    .   c - +0 kite shield
rNeg     . . .     Faith    .   b - +0 scale mail
rPois    .         Spirit   .   (helmet restricted)
rElec    .         Reflect  .   (no cloak)
rCorr    .         Harm     .   (no gloves)
MR       .....                  (no boots)
Stlth    ..........             (no amulet)
HPRegen  0.11/turn              (no ring)
MPRegen  0.08/turn              (no ring)

@: no status effects
A: retaliatory headbutt, horns 2
a: no special abilities


You were on level 2 of the Dungeon.
You were not hungry.

You visited 1 branch of the dungeon, and saw 2 of its levels.

You collected 40 gold pieces.

Inventory:

Hand Weapons
 a - a +0 war axe (weapon)
Armour
 b - a +0 scale mail (worn)
 c - a +0 kite shield (worn)
Jewellery
 k - a cursed ring of attention {unknown}
 l - a cursed ring of teleportation {unknown}
Scrolls
 e - 3 scrolls of remove curse {unknown}
 g - a scroll of identify {unknown}
 i - 2 scrolls of teleportation {unknown}
 j - 2 scrolls of random uselessness {unknown}
Potions
 d - a potion of might
Comestibles
 f - a ration
 h - 3 chunks of flesh


   Skills:
 + Level 4.0 Fighting
 * Level 3.5 Axes
 + Level 4.0 Armour
 + Level 4.0 Shields


You had 2 spell levels left.
You didn't know any spells.
Your spell library was empty.

Dungeon Overview and Level Annotations

Branches:
Dungeon (2/15)

Altars:


Innate Abilities, Weirdness & Mutations

You reflexively headbutt those who attack you in melee.
You have a pair of horns on your head.


Message History

No target in view!
No target in view!
No target in view!
No target in view!
No target in view!
No target in view!
l - a bronze ring You open the door.
There is an open door here.
A centaur comes into view.
The centaur shouts!
The centaur wields a +0 shortbow.
The centaur shoots an arrow.
The arrow hits you!
You see here an arrow.
A centaur is nearby!
A centaur is nearby!
The centaur shoots an arrow.
The arrow hits you!
* * * LOW HITPOINT WARNING * * *
The centaur shoots an arrow.
The arrow hits you!
You die...

......$..#
....c...#
#.......#
#.......
#......#
#......#
#......#
#....@.#
#.....(#
########'##
#.....##.#
#...<....#
#..^..####
#.....#
#.....#
#.....#


You could see a centaur.

Vanquished Creatures
  An ooze (D:1)
  3 leopard geckos (D:1)
  A ball python (D:1)
  3 bats (D:1)
  2 giant cockroaches (D:1)
  7 goblins (D:1)
  4 hobgoblins
  4 jackals (D:1)
  3 kobolds (D:1)
  3 rats (D:1)
31 creatures vanquished.

Notes
Turn   | Place    | Note
-------+----------+-------------------------------------------
     0 | D:1      | Dirian the Minotaur Fighter began the quest for the Orb.
     0 | D:1      | Reached XP level 1. HP: 19/19 MP: 0/0
   198 | D:1      | Reached XP level 2. HP: 27/27 MP: 1/1
   431 | D:1      | Reached XP level 3. HP: 33/33 MP: 2/2
   809 | D:2      | Noticed a centaur
   810 | D:2      | Shot with an arrow by a centaur

Illustrated notes

Levels and vault maps discovered:
D:1:      ncdulo_wetmaze, layout_loops_ring
D:2:      layout_basic, first_ration, minmay_pentomino_w2

Skill      XL: |  1  2 |
---------------+-------+-----
Axes           | 3 |  3.5
Shields        | 4 |  4.0
Fighting       | 4 |  4.0
Armour         | 4 |  4.0

Action                   || total
-------------------------++-------
Melee: War axe           ||    46
       Headbutt          ||     7
Armor: Scale mail        ||    17
Dodge: Dodged            ||    14
Block: Kite shield       ||    26

Table legend:
 A = Non-vault XP
 B = Vault XP
 C = Vault XP percentage of total XP
 D = Non-vault monster count
 E = Vault monster count
 F = Vault count percentage of total count
                 A         B        C        D         E       F
            +---------+---------+-------+---------+---------+-------
      Total |      62 |       0 |   0.0 |      31 |       0 |   0.0
            +---------+---------+-------+---------+---------+-------
        D:1 |      60 |       0 |   0.0 |      30 |       0 |   0.0
        D:2 |       2 |       0 |   0.0 |       1 |       0 |   0.0
            +---------+---------+-------+---------+---------+-------
